 Dungeon Crawl Stone Soup version 0.32-a0-996-gb3226c233f (webtiles) character file.

Game seed: 15479165349331797972

200 topfpfpflanze the Conjurer (level 5, 0/31 HPs)
             Began as an Octopode Conjurer on Apr 23, 2024.
             Slain by an ice beast (12 damage)
             ... on level 5 of the Dungeon.
             The game lasted 00:01:43 (3100 turns).

topfpfpflanze the Conjurer (Octopode Conjurer)      Turns: 3100, Time: 00:01:43

Health: 0/31       AC:  1    Str:  3 (6)  XL:     5   Next: 78%
Magic:  10/10      EV: 11    Int: 21 (23) God:
Gold:   142        SH:  0    Dex:  7 (10) Spells: 8/11 levels left

rFire   . . .        f - +1 dagger (speed)
rCold   . . .        (no shield)
rNeg    . . .        (helmet restricted)
rPois   .            (no amulet)
rElec   .            (no ring)
rCorr   .            (no ring)
SInv    .            (no ring)
Will    .....        (no ring)
Stlth   +++          (no ring)
HPRegen 0.25/turn    (no ring)
MPRegen 0.12/turn    (no ring)
                     (no ring)

%: no passive effects
@: attractive
A: almost no armour, amphibious, 8 rings, camouflage 1, gelatinous body 1,
(nimble swimmer 1), tentacles
a: no special abilities


You were on level 5 of the Dungeon.
You visited 1 branch of the dungeon, and saw 5 of its levels.

You collected 142 gold pieces.

Inventory:

Hand Weapons
 f - a +1 dagger of speed (weapon)
Armour
 d - a +2 hat
Talismans
 e - a granite talisman
Wands
 o - a wand of charming (4)
Scrolls
 b - 6 scrolls of identify {unknown}
 c - a scroll of revelation {unknown}
 g - a scroll of noise {unknown}
 i - a scroll of vulnerability {unknown}
 n - 2 scrolls of teleportation {unknown}
Potions
 a - a potion of magic
 j - a potion of degeneration
 k - a potion of haste {unknown}
 l - a potion of curing {unknown}
 m - a potion of mutation {unknown}


   Skills:
 - Level 2.0 Dodging
 - Level 2.6 Stealth
 + Level 3.6 Spellcasting
 + Level 5.1 Conjurations
 + Level 2.2 Shapeshifting


You had 8 spell levels left.
You knew the following spells:

 Your Spells              Type           Power      Damage    Failure   Level
a - Magic Dart            Conj           100%       1d8       1%          1
b - Searing Ray           Conj           50%        2d6       2%          2

Your spell library contained the following spells:

 Spells                   Type           Power      Damage    Failure   Level
 Fulminant Prism          Conj/Alch      7%         3d7       41%         4
 Iskenderun's Mystic Bla Conj/Tloc 14%            2d5        (+2d2     41%         4


Dungeon Overview and Level Annotations

Branches:
Dungeon (6/15)
 Temple: D:4-7

Altars:
Trog

Shops:
D:2 *


Innate Abilities, Weirdness & Mutations

You cannot wear most types of armour.
You are amphibious.
You can wear up to eight rings at the same time.
Your skin changes colour to match your surroundings (Stealth+).
Your rubbery body absorbs attacks. (AC +1, EV +1)
((You are camouflaged when in or above water. (Stealth+)))
You have tentacles for arms and can constrict up to eight enemies at once.


Message History

You kill the killer bee!
You feel sick.
Unknown command.
You start resting.
You feel sick. x6
You are no longer poisoned.
You start resting.
Magic restored.
HP restored.
You start waiting.
Done waiting.
You start waiting.
Done waiting.
You open the gate.
There is an open gate here.
You open the gate.
Found a bloodstained altar of Trog.
Casting: Searing Ray (safe; 1% risk of failure)
There is an open gate here.
l - a fizzy red potion
There is an open gate here.
You open the gate.
There is an open gate here.
Found a ring mail.
b - 6 scrolls labelled BAMAFOTUHE (gained 1)
You now have 142 gold pieces (gained 15).
Found a hand axe.
An ice beast comes into view.
The helpless ice beast fails to defend itself.
You hit the ice beast. Your squeeze misses the ice beast.
The ice beast hits you. The ice beast freezes you!
Unknown command.
It was a potion of attraction.
You feel attractive to monsters. The ice beast closely misses you.
Unknown command.
It was a potion of degeneration.
There was something very wrong with that liquid.
You feel weakened.
You feel dopey.
You feel clumsy. The ice beast hits you. The ice beast freezes you!
You die...

#... #. ##... #.#
#...##. #.# # #. #.
#.. #.##. #.# #.#..
#.# #.#..
#.#######.#####.#..
#.@Y...........#...
#.#############.#..
#.# #........ #.###
#.#####.# #...# #.#
#.# ###.#######.##
#.# #.#........##
#.#
#.#.###.....###.#
#.#.##..........#


You could see an ice beast.

Vanquished Creatures
  A killer bee (D:5)
  A howler monkey (D:6)
  A bombardier beetle (D:3)
  Robin (D:2)
  An adder (D:2)
  4 endoplasms (D:1)
  16 goblins
  4 hobgoblins
  6 jackals
  3 quokkas
  5 ball pythons
  5 bats
  4 frilled lizards
  9 kobolds
61 creatures vanquished.

Notes
Turn   | Place    | Note
-------+----------+-------------------------------------------
     0 | D:1      | topfpfpflanze the Octopode Conjurer began the quest for the
                  | Orb.
     0 | D:1      | Reached XP level 1. HP: 11/11 MP: 3/3
   207 | D:1      | Reached XP level 2. HP: 17/17 MP: 1/5
   740 | D:1      | Reached XP level 3. HP: 12/21 MP: 0/7
  1198 | D:2      | Noticed Robin
  1225 | D:2      | Killed Robin
  1226 | D:2      | Reached skill level 1 in Shapeshifting
  1234 | D:2      | Reached XP level 4. HP: 24/27 MP: 0/8
  1393 | D:2      | Learned a level 2 spell: Searing Ray
  1555 | D:2      | Found Gepheig's Assorted Antiques.
  2608 | D:3      | Reached XP level 5. HP: 31/31 MP: 5/9
  2647 | D:3      | You fall into a shaft and drop 3 floors!
  2681 | D:6      | Reached skill level 5 in Conjurations
  2722 | D:5      | Entered Level 5 of the Dungeon
  3018 | D:5      | Found a bloodstained altar of Trog.
  3096 | D:5      | Noticed an ice beast
  3100 | D:5      | Slain by an ice beast

Illustrated notes

Levels and vault maps discovered:
D:1:      minmay_arrival_three_doors, layout_rooms
D:2:      layout_basic, serial_shops, shop, serial_bayou_crossing, uniq_robin
D:3:      layout_loops_corners, dreamdust_mushroom_princess,
          minmay_misc_feat_alley
D:5:      layout_loops_ring, gammafunk_temple_overflow_statue,
          mainiacjoe_overflow_big_doors
D:6:      layout_layer_cave

Skill      XL: |  1  2  3  4  5 |
---------------+----------------+-----
Shapeshifting  | 1 2 |  2.2
Spellcasting   | 3 |  3.6
Conjurations   | 5 |  5.1
Dodging        | |  2.0
Stealth        | |  2.6

Action                     |  1- 3 |  4- 6 || total
---------------------------+-------+-------++-------
  Melee: Dagger            |    13 |     2 ||    15
         Constrict         |     4 |       ||     4
         Tentacles         |     1 |       ||     1
   Cast: Magic Dart        |    60 |    49 ||   109
         Searing Ray       |       |     2 ||     2
    Use: Potion            |     2 |     3 ||     5
   Stab: Sleeping          |       |     1 ||     1
 Armour: Skin              |     5 |     7 ||    12
  Dodge: Dodged            |     7 |     7 ||    14

Table legend: (Time is in decaauts)
 A = Elapsed time spent in this place.
 B = Non-inter-level travel time spent in this place.
 C = Inter-level travel time spent in this place.
 D = Time resting spent in this place.
 E = Time spent auto-exploring this place.
 F = Levels seen in this place.
 G = Mean time per level.
                   A        B        C        D        E       F      G
               +--------+--------+--------+--------+--------+-----+--------+
         Total |   3093 |   3067 |     26 |    514 |   2265 |   5 |  618.6 |
       Dungeon |   3093 |   3067 |     26 |    514 |   2265 |   5 |  618.6 |
               +--------+--------+--------+--------+--------+-----+--------+

Top non-repeatable levels by time:
     D:2: 1044 daAuts
     D:1: 1000 daAuts
     D:3: 596 daAuts
     D:5: 377 daAuts
     D:6: 74 daAuts
